 Dungeon Crawl Stone Soup version 0.22-a0-551-g3b2bdd4ba6 (webtiles) character file.

203 M4edhros the Sneak (level 5, -5/33 HPs)
             Began as an Octopode Artificer on June 25, 2018.
             Slain by a two-headed ogre
             ... wielding a +0 giant club
              (27 damage)
             ... on level 8 of the Dungeon.
             The game lasted 00:01:37 (1276 turns).

M4edhros the Sneak (Octopode Artificer)             Turns: 1276, Time: 00:01:38

Health: -5/33      AC:  1    Str: 12    XL:     5   Next: 81%
Magic:  9/9        EV: 13    Int: 13    God:
Gold:   49         SH:  0    Dex: 13    Spells: 4/4 levels left

rFire    . . .     SeeInvis +   i - +2 dagger (speed)
rCold    . . .     Gourm    .   (no shield)
rNeg     . . .     Faith    .   (helmet restricted)
rPois    .         Spirit   .   (no amulet)
rElec    .         Reflect  .   j - ring of see invisible
rCorr    .         Harm     .   (no ring)
MR       .....                  (no ring)
Stlth    ++++......             (no ring)
HPRegen  0.11/turn              (no ring)
MPRegen  0.11/turn              (no ring)
                                (no ring)
                                (no ring)

@: no status effects
A: almost no armour, stealthy swim, amphibious, 8 rings, constrict 8, camouflage
1, gelatinous body 1
a: no special abilities


You were on level 8 of the Dungeon.
You were very hungry.

You visited 1 branch of the dungeon, and saw 8 of its levels.

You collected 49 gold pieces.

Inventory:

Hand Weapons
 a - a +0 short sword
 i - a +2 dagger of speed (weapon)
Jewellery
 j - a ring of see invisible (left tentacle)
Wands
 b - a wand of flame (14)
 c - a wand of enslavement (14)
 d - a wand of random effects (13)
Scrolls
 e - a scroll of blinking {unknown}
 g - a scroll of immolation {unknown}
 h - 2 scrolls of magic mapping {unknown}
 k - 2 scrolls of remove curse {unknown}
Potions
 l - a potion of resistance {unknown}
 m - a potion of curing {unknown}
Comestibles
 f - 6 rations


   Skills:
 - Level 1.0 Fighting
 - Level 1.0 Short Blades
 - Level 2.0 Dodging
 + Level 5.6 Stealth
 + Level 5.4 Evocations


You had 4 spell levels left.
You didn't know any spells.
Your spell library was empty.

Dungeon Overview and Level Annotations

Branches:
Dungeon (7/15)
 Temple: D:4-7

Altars:
Gozag

Annotations:
D:8 Maurice


Innate Abilities, Weirdness & Mutations

You cannot wear most types of armour.
You are very stealthy in the water. (Stealth+)
You are amphibious.
You can wear up to eight rings at the same time.
You can use your tentacles to constrict eight enemies at once.
Your skin changes colour to match your surroundings (Stealth+).
Your rubbery body absorbs attacks. (AC +1, EV +1)


Message History

A two-headed ogre is nearby!
A two-headed ogre is nearby!
Evoke which item? (* to show all) (? for menu, Esc to quit)
Aiming: Random Effects
Press: ? - help, Shift-Dir - straight line, f - two-headed ogre
Aim: a two-headed ogre, wielding two giant clubs (hasn't noticed you)
The two-headed ogre shouts in stereo!
The two-headed ogre appears confused.
Evoke which item? (* to show all) (? for menu, Esc to quit)
Aiming: Random Effects
Press: ? - help, Shift-Dir - straight line, f/p - two-headed ogre
Aim: a two-headed ogre, wielding two giant clubs (confused)
The two-headed ogre seems to speed up.
The two-headed ogre wonders, "What am I doing in here?"
The two-headed ogre closely misses you.
The two-headed ogre hits you with a giant club!
You hit the two-headed ogre but do no damage.
The two-headed ogre hits you with a giant club!!
Ouch! That really hurt!
You die...

.# .# .# #####.####
#........# ##.....#
#.##..#..# ##.......
#.##O#...####...?....
#.##@.......+./......
##.##.#...####........
#.........# #..>...?
#.###..#### #.@KK.#
#.# #..# #KK.# #.#
#..# ##K## #.# #..#
#K# #.# #..# #.#
#.###..# ##.##


You could see a two-headed ogre (confused).

Vanquished Creatures
  A centaur (D:8)
  A bullfrog skeleton (D:6)
  2 worker ants
  2 adders (D:4)
  An adder skeleton (D:5)
  3 orcs
  2 goblins
  2 hobgoblins (D:1)
  A jackal (D:4)
  A quokka (D:4)
  A bat (D:1)
  2 frilled lizards
  2 kobolds (D:1)
  A leopard gecko skeleton (D:4)
  A quokka zombie (D:4)
  3 rats (D:1)
26 creatures vanquished.

Vanquished Creatures (collateral kills)
  5 kobolds (D:8)
5 creatures vanquished.

Vanquished Creatures (others)
  A big kobold (D:8)
1 creature vanquished.

Grand Total: 32 creatures vanquished

Notes
Turn   | Place    | Note
-------+----------+-------------------------------------------
     0 | D:1      | M4edhros the Octopode Artificer began the quest for the Orb.
     0 | D:1      | Reached XP level 1. HP: 13/13 MP: 3/3
   265 | D:1      | Reached XP level 2. HP: 18/18 MP: 4/4
   442 | D:4      | Reached XP level 3. HP: 15/23 MP: 4/6
   557 | D:4      | Reached XP level 4. HP: 24/28 MP: 7/7
   678 | D:5      | Entered Level 5 of the Dungeon
  1135 | D:6      | Reached XP level 5. HP: 26/33 MP: 8/8
  1139 | D:7      | Found an opulent altar of Gozag.
  1154 | D:7      | You fall through a shaft!
  1154 | D:8      | Noticed Maurice
  1154 | D:8      | Noticed a big kobold
  1167 | D:8      | Noticed a centaur
  1170 | D:8      | Killed a centaur
  1170 | D:8      | Reached skill level 5 in Stealth
  1170 | D:8      | Reached skill level 5 in Evocations
  1268 | D:8      | Noticed a two-headed ogre
  1276 | D:8      | Slain by a two-headed ogre

Vault maps used:
D:1:      erik_arrival_cave_to_civilisation
D:2:      kennysheep_six_static_rooms, overflow_temple_1_default,
          nicolae_overflow_crystal_walls, hangedman_decor_peaks_small,
          nicolae_ru_path_of_blood, uniq_terence
D:3:      ebering_ghost_reflecting_pool, good_gods_temple_1,
          nemelex_xobeh_ov_fountains_minmay, hex_large, minmay_misc_feat_iff,
          kennysheep_generic_room_6
D:4:      kennysheep_kobold_camp, minmay_goblin_outpost
D:5:      minmay_opposing_rooms, first_ration
D:6:      temple_pool_b, nemelex_lonely_heart_becter
D:7:      nicolae_gozag_zags_fifth_avenue, kennysheep_mini, minivault_26
D:8:      uniq_pikel, uniq_maurice

Skill      XL: |  1  2  3  4  5 |
---------------+----------------+-----
Stealth        | 2 3 4 5 |  5.6
Evocations     | 4 5 |  5.4
Fighting       | |  1.0
Short Blades   | |  1.0
Dodging        | |  2.0

Action                   |  1- 3 |  4- 6 || total
-------------------------+-------+-------++-------
Melee: Short sword       |    19 |       ||    19
       Constrict         |    11 |     2 ||    13
       Tentacles         |     6 |     3 ||     9
       Dagger            |    17 |    22 ||    39
Evoke: Wand              |       |     4 ||     4
 Stab: Sleeping          |     7 |     4 ||    11
Armor: Skin              |     5 |     1 ||     6
Dodge: Dodged            |    23 |     9 ||    32

Table legend:
 A = Spawn XP
 B = Non-spawn XP
 C = Spawn XP percentage of total XP
 D = Spawn monster count
 E = Non-spawn monster count
 F = Spawn count percentage of total count
 G = Total turns spent on level
                    A         B        C        D         E        F      G
               +---------+---------+-------+---------+---------+-------+---------
         Total |       0 |     290 |   0.0 |       0 |      31 |   0.0 |  1276
               +---------+---------+-------+---------+---------+-------+---------
           D:1 |       0 |      11 |   0.0 |       0 |       8 |   0.0 |   343
           D:2 |       0 |       3 |   0.0 |       0 |       2 |   0.0 |    55
           D:3 |       0 |       3 |   0.0 |       0 |       2 |   0.0 |    28
           D:4 |       0 |      72 |   0.0 |       0 |       9 |   0.0 |   252
           D:5 |       0 |      41 |   0.0 |       0 |       3 |   0.0 |   442
           D:6 |       0 |      40 |   0.0 |       0 |       1 |   0.0 |    18
           D:8 |       0 |     120 |   0.0 |       0 |       6 |   0.0 |   122
               +---------+---------+-------+---------+---------+-------+---------
